 Dungeon Crawl Stone Soup version 0.31-a0-236-g9a0961fb85 (webtiles) character file.

Game seed: 2185792241948478371

74 Iniera the Stinger (level 4, -8/24 HPs)
             Began as a Deep Elf Venom Mage on July 10, 2023.
             Killed by nerve-wracking pain
             ... invoked by an orc priest
              (13 damage)
             ... on level 3 of the Dungeon.
             The game lasted 00:05:14 (2458 turns).

Iniera the Stinger (Deep Elf Venom Mage)            Turns: 2458, Time: 00:05:15

Health: -8/24      AC:  2    Str:  5    XL:     4   Next: 10%
Magic:  11/11      EV: 13    Int: 22    God:
Gold:   82         SH:  0    Dex: 15    Spells: 0/10 levels left

rFire   . . .        i - +0 quarterstaff
rCold   . . .        (shield currently unavailable)
rNeg    . . .        a - +0 robe
rPois   .            (no helmet)
rElec   .            (no cloak)
rCorr   .            (no gloves)
SInv    .            (no boots)
Will    .....        (no amulet)
Stlth   +            (no ring)
HPRegen 0.24/turn    (no ring)
MPRegen 0.12/turn

%: no passive effects
@: confused
A: no striking features
a: no special abilities


You were on level 3 of the Dungeon.
You visited 1 branch of the dungeon, and saw 3 of its levels.

You collected 82 gold pieces.

Inventory:

Hand Weapons
 i - a +0 quarterstaff (weapon)
Armour
 a - a +0 robe (worn)
Magical Staves
 h - a staff of earth
Jewellery
 c - a ring of fire
Scrolls
 d - a scroll of identify {unknown}
 e - a scroll of noise {unknown}
 g - a scroll of silence {unknown}
 k - a scroll of fear {unknown}
 l - a scroll of enchant armour {unknown}
Potions
 b - a potion of magic
 f - a potion of curing {unknown}
 j - a potion of haste {unknown}
 m - 2 potions of degeneration {unknown}


   Skills:
 + Level 3.2 Dodging
 + Level 3.3 Stealth
 + Level 3.7 Spellcasting
 + Level 0.0 Conjurations
 + Level 2.2 Transmutations
 + Level 0.0 Air Magic
 + Level 3.8 Poison Magic


You couldn't memorise any spells.
You knew the following spells:

 Your Spells              Type           Power      Damage    Failure   Level
a - Sting                 Tmut/Pois      68%        1d6       3%          1
b - Poisonous Vapours     Pois/Air       24%        N/A       8%          2
c - Mephitic Cloud        Conj/Pois/Air  9%         N/A       21%         3
d - Olgreb's Toxic Radia  Pois           20%        N/A       24%         4

Your spell library contained the following spells:

 Spells                   Type           Power      Damage    Failure   Level


Dungeon Overview and Level Annotations

Branches:
Dungeon (3/15)

Altars:

Shops:
D:1 (   D:3 (


Message History

Found 2 fuming orange potions.
The sting hits the giant cockroach.
The giant cockroach is poisoned.
The giant cockroach is almost dead.
You kill the giant cockroach!
You can't see any susceptible monsters within range! (Use Z to cast anyway.)
You can't see any susceptible monsters within range! (Use Z to cast anyway.)
m - 2 fuming orange potions You open the door.
There is an open door here.
There is a stone staircase leading up here.
You open the door.
An orc and an orc priest come into view.
The orc priest shouts!
You hear a shout!
An orc wizard comes into view. It is wielding a +0 dagger.
There are monsters nearby!
There are monsters nearby!
The orc wizard shouts!
The orc wizard casts a spell at you.
You are confused.
An orc comes into view. It is wielding a +0 dagger.
There is an open door here.
You're too confused to cast spells.
You're too confused to cast spells.
You are too confused!
You're too confused to cast spells.
You bump into the rock wall.
The orc priest closely misses you.
A kobold comes into view.
It is wielding a +0 dagger and quivering poisoned darts.
You bump into the rock wall.
The kobold shouts!
The orc priest mumbles some strange prayers to Beogh against you.
Pain shoots through your body!
Ouch! That really hurt!
The orc priest hits you with a +0 trident.
* * * LOW HITPOINT WARNING * * *
The orc closely misses you.
There is an open door here.
The orc priest mumbles some strange prayers to Beogh against you.
Pain shoots through your body!
Ouch! That really hurt!
You die...

#.#..# #†##.# #.#
>..#..#######.##.########.#
#####.................##....
##'########.##.###.##.#.#
#...# #.##.# #.##.#.. .....#
#.##.# #.##.### ......#
#..#.# #.##.# #
......o####....###.##.###
....ooo'@................
...K...####.....#########
......# #..#..# # .....#
#.#...# # #...# #.#.#.# #
##+# #.....# # ###.### #####
#.# #.... #.# #.###


You could see an orc priest, an orc wizard, 2 orcs and a kobold.

Vanquished Creatures
  An adder (D:3)
  A gnoll (D:1)
  A dart slug (D:3)
  4 ball pythons
  An endoplasm (D:3)
  3 giant cockroaches
  7 goblins
  6 hobgoblins
  7 jackals
  A quokka (D:1)
  2 bats (D:1)
  8 frilled lizards
  5 kobolds
  4 rats
51 creatures vanquished.

Notes
Turn   | Place    | Note
-------+----------+-------------------------------------------
     0 | D:1      | Iniera the Deep Elf Venom Mage began the quest for the Orb.
     0 | D:1      | Reached XP level 1. HP: 10/10 MP: 6/6
   234 | D:1      | Found Pesey's Weapon Shoppe.
   338 | D:1      | Reached XP level 2. HP: 15/15 MP: 6/8
   688 | D:1      | Reached XP level 3. HP: 8/19 MP: 3/9
  1615 | D:2      | Learned a level 2 spell: Poisonous Vapours
  1619 | D:2      | Learned a level 3 spell: Mephitic Cloud
  1861 | D:2      | You fall into a shaft and drop 1 floor!
  2121 | D:3      | Reached XP level 4. HP: 24/24 MP: 2/11
  2129 | D:3      | Learned a level 4 spell: Olgreb's Toxic Radiance
  2301 | D:3      | Found Orio's Antique Weapon Shop.
  2458 | D:3      | Killed from afar by an orc priest

Illustrated notes

Levels and vault maps discovered:
D:1:      tarquinn_simple_flora_water_b, layout_basic, serial_shops, shop,
          minmay_lizard_pond
D:2:      cheibrodos_helix_gallery, layout_basic, minivault_5, uniq_jessica,
          uniq_robin
D:3:      layout_loops_corners, serial_shops, shop, shop, due_unseen_surprise

Skill      XL: |  1  2  3 |
---------------+----------+-----
Stealth        | 3 |  3.3
Dodging        | 3 |  3.2
Transmutations | 2 |  2.2
Spellcasting   | |  3.7
Poison Magic   | |  3.8

Action                     |  1- 3 |  4- 6 || total
---------------------------+-------+-------++-------
  Melee: Unarmed           |     7 |       ||     7
         Dagger            |    49 |       ||    49
         Quarterstaff      |     3 |       ||     3
   Cast: Sting             |    71 |     5 ||    76
         Poisonous Vapours |     3 |       ||     3
   Stab: Sleeping          |     3 |       ||     3
 Armour: Robe              |    19 |       ||    19
  Dodge: Dodged            |    75 |     2 ||    77

Table legend: (Time is in decaauts)
 A = Elapsed time spent in this place.
 B = Non-inter-level travel time spent in this place.
 C = Inter-level travel time spent in this place.
 D = Time resting spent in this place.
 E = Time spent auto-exploring this place.
 F = Levels seen in this place.
 G = Mean time per level.
                   A        B        C        D        E       F      G
               +--------+--------+--------+--------+--------+-----+--------+
         Total |   2458 |   2299 |    159 |    173 |   1763 |   3 |  819.3 |
       Dungeon |   2458 |   2299 |    159 |    173 |   1763 |   3 |  819.3 |
               +--------+--------+--------+--------+--------+-----+--------+

Top non-repeatable levels by time:
     D:1: 1286 daAuts
     D:3: 597 daAuts
     D:2: 574 daAuts
